Description

Getting a 17 Nexus allows very high mineral income allowing nexus first with a cybercore timing only 2s later than cybercore first at the cost of delaying our scouting probe. This build gets a high amount of stalkers early (6 at 4:15 , 9 at 4:30) which allows us to shutdown window mine drops/hellion run-bys easily while still getting a 3:50 third base and a 5:30 colossus to shutdown 3 raxs types push.

Build Order

Get SALT Encoding   

  14  0:17  Pylon  
  14  0:24  Probe  
  15  0:36  Gateway  
  16  0:49  Probe  Rally probe to natural, cut probes after this
  17  1:09  Nexus  Scout with probe building nexus
  17  1:14  Assimilator  Pull 3 into gas when done
  17  1:17  Probe  Slight probe cut after this probe
  18  1:27  Cybernetics Core  
  18  1:31  Probe (Chrono Boost)  Resume probe production chrono nexus, chrono main nexus when done chrono natural nexus when done
  21  1:41  Pylon  
  22  1:56  Assimilator  Pull 3 into gas when done
  22  2:01  Adept (Chrono Boost)  
  22  2:06  Warp Gate  
  27  2:24  Stalker  
  33  2:51  Robotics Facility  
  35  2:55  Pylon  
  38  3:14  Gateway x2  
  39  3:24  Stalker  
  43  3:38  Observer  
  46  3:46  Nexus  
  47  3:53  Assimilator  Pull 3 into gas when done
  48  3:56  Pylon  
  48  4:01  Robotics Bay  
  50  4:15  Stalker x3  
  56  4:20  Pylon  
  60  4:41  Stalker x3  
  66  4:51  Colossus (Chrono Boost)  
  75  5:01  Shield Battery  
  77  5:07  Shield Battery  
  80  5:21  Assimilator  
  80  5:28  Extended Thermal Lance (Chrono Boost)  
  83  5:33  Colossus (Chrono Boost)  
  92  5:46  Zealot x3  
  98  5:54  Forge x2  
  98  6:00  Twilight Council  
  98  6:11  Protoss Ground Weapons Level 1 (Chrono Boost)  
  98  6:12  Protoss Ground Armor Level 1 (Chrono Boost)  
  98  6:16  Colossus, Gateway x4  
  98  6:17  Colossus  
  104  6:36  Charge (Chrono Boost)  
Spawning Tool Build Advisor. Get it on Overwolf

Analysis

Followsups:

Chrono forge 3 times each and twilight 2 times for a 1+/1+ timing attack at 8mins.

Produce warp prism after 3rd colossus, immmortals/extra observers after that

Get blink after charge and keeps some stalkers at home to shutdown drops/liberator harass

Tech into dark shrine/templar archive to spend extras gas on DT or archons

Skip 5th and 6th gas and stay on 3 base and add 4 more gates for a more committed attack.

Alternatively, take a fourth expansion , add 5th and 6th gas tech into disruptors if terran is producing vikings otherwise tech into 3 stargate + fleet beacon to produce carriers/tempest.

Go to:

Details

  • Created by: tc5801
  • Published on: May 02, 2022
  • Modified on: May 02, 2022
  • Patch: 4.11.0
  • Difficulty: Medium
Show
View Real Time Build Order
Export as new Build Order

Comments (1)

On May 2, 2022, 7:47 p.m., meadbert  said:

Thanks for this sweet build!

Create an account to comment!